 Dungeon Crawl Stone Soup version 0.23-a0-29-g1be82e5 (webtiles) character file.

38 Amnesiac the Conjurer (level 3, -16/24 HPs)
             Began as a Mummy Conjurer on Aug 3, 2018.
             Killed from afar by an orc wizard (18 damage)
             ... with a puff of flame
             ... on level 3 of the Dungeon.
             The game lasted 00:01:42 (783 turns).

Amnesiac the Conjurer (Mummy Conjurer)               Turns: 783, Time: 00:01:42

Health: -16/24     AC:  2    Str: 11    XL:     3   Next: 25%
Magic:  0/8        EV: 12    Int: 15    God:
Gold:   24         SH:  0    Dex: 12    Spells: 6/9 levels left

rFire    x . .     SeeInvis .   (no weapon)
rCold    + . .     Gourm    .   (no shield)
rNeg     + + +     Faith    .   a - +0 robe
rPois    ∞         Spirit   .   (no helmet)
rElec    .         Reflect  .   (no cloak)
rCorr    .         Harm     .   (no gloves)
MR       .....                  (no boots)
Stlth    ++........             (no amulet)
HPRegen  0.08/turn              (no ring)
MPRegen  0.11/turn              (no ring)

@: no status effects
A: no food or potions, fire vulnerability, cold resistance 1, negative energy
resistance 3, torment resistance, unbreathing
a: no special abilities


You were on level 3 of the Dungeon.
You were not hungry.

You visited 1 branch of the dungeon, and saw 3 of its levels.

You collected 24 gold pieces.

Inventory:

Armour
 a - a +0 robe (worn)
Scrolls
 b - a scroll of noise {!r}
 c - a scroll of remove curse {!r, unknown}
 d - a scroll of enchant armour {!r, unknown}


   Skills:
 - Level 1.5 Dodging
 - Level 1.5 Stealth
 + Level 3.7 Spellcasting
 * Level 3.8 Conjurations


You had 6 spell levels left.
You knew the following spells:

 Your Spells              Type           Power        Failure   Level  Hunger
a - Magic Dart            Conj           ##..         3%          1    N/A
d - Searing Ray           Conj           ##....       6%          2    N/A

Your spell library contained the following spells:

 Spells                   Type           Power        Failure   Level  Hunger
 Iskenderun's Mystic Bla  Conj           ##......     36%         4    N/A
 Fulminant Prism          Conj/Hex       #.........   63%         4    N/A
 Dazzling Spray           Conj/Hex       #.....       26%         3    N/A
 Force Lance              Conj/Tloc      #.......     63%         4    N/A

Dungeon Overview and Level Annotations

Branches:
Dungeon (3/15)

Altars:
Trog
Zin
The Shining One


Innate Abilities, Weirdness & Mutations

You do not eat or drink.
Your flesh is vulnerable to fire.
You are immune to poison.
Your flesh is cold resistant. (rC+)
You are immune to negative energy. (rN+++)
You are immune to unholy pain and torment.
You can survive without breathing.


Message History

The orc hits you. The orc hits you.
Your magical contamination has completely faded away.
Casting: Magic Dart (safe; 4% risk of failure)
Confirm with . or Enter, or press ? or * to list all spells.
Aiming: Searing Ray (safe; 6% risk of failure)
Press: ? - help, Shift-Dir - straight line, f/p - orc
Aim: an orc, wielding a dagger and wearing a leather armour (heavily wounded)
The searing ray hits the orc.
The orc is almost dead. (Press . to maintain the ray.)
The orc hits you but does no damage.
The searing ray misses the orc. x2; The orc completely misses you.
The searing ray hits the orc.
You kill the orc!
The searing ray hits the orc.
You kill the orc!
You finish channeling your searing ray.
An orc wizard appears from thin air!
Reactivating autopickup.
The orc wizard hits you with a dagger.
Casting: Searing Ray (safe; 6% risk of failure)
Confirm with . or Enter, or press ? or * to list all spells.
Aiming: Searing Ray (safe; 6% risk of failure)
Press: ? - help, Shift-Dir - straight line, f - orc wizard
Aim: an orc wizard, wielding a dagger and wearing a robe The searing ray hits the orc wizard.
The orc wizard is heavily wounded. (Press . to maintain the ray.)
The orc wizard hits you with a dagger.
The searing ray hits the orc wizard.
The orc wizard is severely wounded.
The orc wizard hits you with a dagger.
* * * LOW HITPOINT WARNING * * *
Really read
b - 2 scrolls labeled KUWUOD PECVEE {!r}?
As you read the scroll labeled KUWUOD PECVEE {!r}, it crumbles to dust.
You hear a loud clanging noise!
It was a scroll of noise {!r}.
You hear an angry hiss.
Casting: Searing Ray (safe; 6% risk of failure)
Confirm with . or Enter, or press ? or * to list all spells.
Aiming: Magic Dart (safe; 3% risk of failure)
Press: ? - help, Shift-Dir - straight line, f/p - orc wizard
Aim: an orc wizard, wielding a dagger and wearing a robe (severely wounded)
The magic dart hits the orc wizard.
The orc wizard is almost dead.
The orc wizard hits you with a dagger.
* * * LOW HITPOINT WARNING * * *
You barely miss the orc wizard.
The orc wizard is almost dead.
The orc wizard mumbles some strange words.
The orc wizard flickers and vanishes!
Deactivating autopickup; reactivate with Ctrl-A.
You barely miss something.
You hear some strange, mumbled words.
A magic dart appears from out of thin air!
The magic dart hits you!
* * * LOW HITPOINT WARNING * * *
You barely miss something.
You hear some strange, mumbled words.
A puff of flame appears from out of thin air!
The puff of flame hits you! The fire burns you terribly!
Ouch! That really hurt!
You die...

##..# #...#
#..######
#...†...#
#.#####.###
#.#...#.#..
#.#.#.#(#.#
#..<..#.#.#
#######@#.#
#....){.#.#
#.#######.#
#...o.....#
########..#
#..#
######.o######
#............#
#.#####.###.##


There were no monsters in sight!

Vanquished Creatures
  2 oozes
  2 leopard geckos (D:1)
  2 orcs (D:3)
  A giant cockroach (D:1)
  5 hobgoblins (D:1)
  4 kobolds
  2 bats (D:1)
  3 frilled lizards (D:1)
  2 goblins
  2 rats (D:2)
25 creatures vanquished.

Notes
Turn   | Place    | Note
-------+----------+-------------------------------------------
     0 | D:1      | Amnesiac the Mummy Conjurer began the quest for the Orb.
     0 | D:1      | Reached XP level 1. HP: 13/13 MP: 4/4
   130 | D:1      | Reached XP level 2. HP: 19/19 MP: 0/6
   179 | D:1      | Learned a level 2 spell: Searing Ray
   480 | D:2      | Reached XP level 3. HP: 14/24 MP: 0/8
   584 | D:2      | Found a glowing silver altar of Zin.
   610 | D:2      | Found a bloodstained altar of Trog.
   610 | D:2      | Found a glowing golden altar of the Shining One.
   783 | D:3      | Killed from afar by an orc wizard

Vault maps used:
D:1:      lightli_arrival_chessboard
D:2:      minitemple
D:3:      grunt_qazlal_sundering, first_ration, tgw_xom, uniq_jessica

Skill      XL: |  1 |
---------------+----+-----
Spellcasting   | 3 |  3.7
Dodging        | |  1.5
Stealth        | |  1.5
Conjurations   | |  3.8

Action                   || total
-------------------------++-------
Melee: Unarmed           ||     9
 Cast: Magic Dart        ||    48
       Searing Ray       ||     3
  Use: Scroll            ||     1
Armor: Robe              ||     5
Dodge: Dodged            ||     8

Table legend:
 A = Spawn XP
 B = Non-spawn XP
 C = Spawn XP percentage of total XP
 D = Spawn monster count
 E = Non-spawn monster count
 F = Spawn count percentage of total count
 G = Total turns spent on level
                    A         B        C        D         E        F      G
               +---------+---------+-------+---------+---------+-------+---------
         Total |       0 |      55 |   0.0 |       0 |      25 |   0.0 |   783
               +---------+---------+-------+---------+---------+-------+---------
           D:1 |       0 |      33 |   0.0 |       0 |      16 |   0.0 |   460
           D:2 |       0 |      14 |   0.0 |       0 |       6 |   0.0 |   206
           D:3 |       0 |       8 |   0.0 |       0 |       3 |   0.0 |   117
               +---------+---------+-------+---------+---------+-------+---------
